[Event "Team 45 45 League T42"]
[Site "Internet Chess Club"]
[Date "2009.08.13"]
[Round "3"]
[White "HangingPawn"]
[Black "wrimle"]
[Result "0-1"]
[WhiteElo "1363"]
[BlackElo "1472"]
[Opening "Caro-Kann defense"]
[ECO "B10"]
[Time "15:00:10"]
[TimeControl "2700+45"]

1. e4 c6 2. Nf3 d5 3. exd5 cxd5 4. Ne5 Nf6 5. Bb5+ Nbd7 6. O-O a6 7. Bxd7+ Bxd7
8. d4 e6 9. Nc3 Bb4 10. a3 Bxc3 11. bxc3 Bb5 12. Re1 Nd7 13. a4 Qa5 14. Qf3 Nxe5
15. Rxe5 Bc4 16. Qg3 g6 17. Bg5 Kd7 18. Qf3 f5 19. Rb1 b5 20. axb5 Bxb5 21. Qe3
Rae8 22. h3 Qc7 23. Qe1 h6 24. Bf6 Rh7 25. Bh4 g5 26. Bg3 f4 27. Bh2 Qc6 28. Rc1
Rhe7 29. g3 f3 30. g4 Rc8 31. Re3 Be2 32. Rb1 Qa4 33. Rb7+ Kc6 34. Rxe7 Qxc2 35.
R7xe6+ Kb5 36. Bg3 a5 37. R6e5 Kc4 38. Rxe2 fxe2 39. Rxe2 Qxc3 40. Qxc3+ Kxc3
41. Be5 a4 42. Re3+ Kb2 43. Bd6 Rc3 44. Rxc3 Kxc3 45. Bc5 Kb3 46. Kg2 a3 47.
Bxa3 Kxa3 48. Kf3 Kb3 49. Ke3 Kc3 50. f3 Kc4 51. Ke2 Kxd4 52. Kd2 Ke5 53. Kd3
Kf4 54. Kd4 Kxf3 55. Kxd5 Kg3 56. Ke5 Kxh3 57. Kf5 Kh4 {White resigns} 0-1

[Event "Team 45 45 League T42"]
[Site "Internet Chess Club"]
[Date "2009.08.13"]
[Round "3"]
[White "Kevericz12"]
[Black "sdcohle"]
[Result "0-1"]
[WhiteElo "851"]
[BlackElo "1368"]
[Opening "Scotch gambit: Dubois-Réti defense"]
[ECO "C55"]
[Time "22:00:07"]
[TimeControl "2700+45"]

1. e4 e5 2. Nf3 Nc6 3. d4 exd4 4. Bc4 Nf6 5. e5 d5 6. Bb5 Qe7 7. O-O Ne4 8. Nxd4
Bd7 9. Bxc6 Bxc6 10. Nxc6 bxc6 11. f3 Nc5 12. Nc3 Qe6 13. b4 Na6 14. b5 cxb5 15.
Nxd5 Bc5+ 16. Kh1 O-O 17. a4 Qxe5 18. Re1 Qxa1 19. axb5 Nb4 20. Re5 Qxe5 21. f4
Qxd5 22. Qxd5 Nxd5 23. g3 Rfe8 24. Kg2 Re2+ 25. Kf3 Rxc2 26. Be3 Nxe3 27. h4 Re8
28. g4 Nd5 29. f5 Re3# {White checkmated} 0-1

[Event "Team 45 45 League T42"]
[Site "Internet Chess Club"]
[Date "2009.08.17"]
[Round "3"]
[White "yemisco1"]
[Black "Zohan"]
[Result "1/2-1/2"]
[WhiteElo "1509"]
[BlackElo "1401"]
[Opening "Queen's pawn game, Darooha variation "]
[ECO "D02"]
[Time "17:00:22"]
[TimeControl "2700+45"]

1. d4 Nf6 2. Nf3 d5 3. h3 Nc6 4. a3 Bf5 5. Nc3 e6 6. Bg5 Be7 7. e3 a6 8. Bxf6
Bxf6 9. Bd3 Bxd3 10. Qxd3 O-O 11. O-O e5 12. dxe5 Nxe5 13. Nxe5 Bxe5 14. Qxd5
Bxc3 15. Qxd8 Raxd8 16. bxc3 Rd2 17. Rac1 Rfd8 18. g4 Re2 19. Rfd1 Rxd1+ 20.
Rxd1 h5 21. g5 Rxc2 22. Rd3 c5 23. Kg2 Kh7 24. Rd7 Kg6 25. h4 Rxc3 26. Rxb7 Rxa3
27. Kf3 Ra4 28. e4 Ra3+ 29. Kf4 Rh3 30. Rb6+ Kh7 31. Rxa6 Rxh4+ 32. Ke5 g6 33.
Rc6 Rg4 34. f4 Kg7 35. Rxc5 h4 36. Rc2 h3 37. Rh2 Rg3 38. Kd4 f6 39. gxf6+ Kxf6
40. Kd5 Rd3+ 41. Kc4 Rg3 42. Kd4 Ra3 43. Kd5 Ra5+ 44. Kd6 Ra6+ 45. Kc5 Ra3 46.
Kd4 Ra4+ 47. Ke3 Ra3+ 48. Kf2 Ra2+ 49. Kg3 Rxh2 50. Kxh2 g5 51. f5 g4 52. Kg3
Kg5 53. Kh2 Kf6 54. Kg3 Kg5 55. Kf2 Kf6 56. Kg3 Kg5 {Game drawn by repetition}
1/2-1/2

[Event "Team 45 45 League T42"]
[Site "Internet Chess Club"]
[Date "2009.08.15"]
[Round "3"]
[White "stputte"]
[Black "Aquaman"]
[Result "1-0"]
[WhiteElo "1454"]
[BlackElo "1360"]
[Opening "KGA: Cunningham, Euwe defense"]
[ECO "C35"]
[Time "15:00:11"]
[TimeControl "2700+45"]

1. e4 e5 2. f4 exf4 3. Nf3 Be7 4. Bc4 Nf6 5. d3 O-O 6. Bxf4 d6 7. O-O Nc6 8. Nc3
Bg4 9. Qd2 Na5 10. Bb3 Nxb3 11. axb3 a6 12. Nd5 Nxd5 13. exd5 Re8 14. Qb4 Bc8
15. Qd2 Bf8 16. Ng5 f6 17. Ne4 Be7 18. Rf3 Kh8 19. Raf1 Bf5 20. Bxd6 Bxe4 21.
Bxe7 Rxe7 22. dxe4 Rxe4 23. Qd3 Qe7 24. Rf4 Re8 25. Rxe4 Qxe4 26. Qxe4 Rxe4 27.
Rd1 Kg8 28. Kf2 Kf7 29. Kf3 Re7 30. d6 cxd6 31. Rxd6 Ke8 32. Rb6 Kd8 33. c3 Kc7
34. Rb4 Re6 35. Re4 Kd7 36. Rxe6 Kxe6 37. g4 g5 38. Ke4 h6 39. c4 b6 40. b4 a5
41. bxa5 bxa5 42. c5 Kd7 43. Kd5 Kc7 44. b3 Kd7 45. c6+ Kc7 46. Kc5 Kb8 47. Kb6
Kc8 48. Kxa5 Kc7 49. Kb5 h5 50. gxh5 f5 51. h6 f4 52. h7 f3 53. h8=Q g4 54. Qg8
f2 55. Qf7+ {Black resigns} 1-0

[Event "Team 45 45 League T42"]
[Site "Internet Chess Club"]
[Date "2009.08.18"]
[Round "3"]
[White "nozmov"]
[Black "slipkid"]
[Result "0-1"]
[WhiteElo "1388"]
[BlackElo "1538"]
[Opening "Bird's opening"]
[ECO "A02"]
[Time "14:01:14"]
[TimeControl "2700+45"]

1. f4 Nf6 2. b3 e6 3. Bb2 Be7 4. e3 O-O 5. Nf3 Nc6 6. Bb5 a6 7. Bxc6 bxc6 8. O-O
a5 9. Nc3 Ba6 10. d3 Qb8 11. Qe1 Qa7 12. Nd1 Rfd8 13. Ne5 Bb7 14. Qh4 Nd5 15.
Qg3 f6 16. Rf3 fxe5 17. Bxe5 Bf6 18. c4 Bxe5 19. fxe5 Ne7 20. Nc3 Rf8 21. Raf1
Rxf3 22. Qxf3 Nf5 23. Nd1 Qb8 24. g4 Nh6 25. e4 Qf8 26. Qe2 Qe7 27. Rf2 Rf8 28.
Qe3 Nxg4 29. Rxf8+ Qxf8 30. Qg3 Qc5+ 31. Kg2 Nxe5 32. Qg5 Qd6 33. Qd8+ Kf7 34.
Nf2 c5 35. Qb8 Bc6 36. Qh8 Nxd3 37. Qxh7 Nxf2 38. Qh5+ Ke7 39. Qg5+ Ke8 40. Qg6+
Kd8 41. Qg5+ Kc8 42. Kxf2 Bxe4 43. Qg3 Qxg3+ 44. hxg3 Bb1 45. a3 Ba2 {White
resigns} 0-1

[Event "Team 45 45 League T42"]
[Site "Internet Chess Club"]
[Date "2009.08.15"]
[Round "3"]
[White "JimGaming"]
[Black "kabubi"]
[Result "0-1"]
[WhiteElo "1288"]
[BlackElo "1222"]
[Opening "Caro-Kann: exchange, Rubinstein variation"]
[ECO "B13"]
[Time "14:01:31"]
[TimeControl "2700+45"]

1. e4 c6 2. d4 d5 3. exd5 cxd5 4. Bd3 Nc6 5. c3 Nf6 6. Bf4 g6 7. Nd2 Bg7 8. Ngf3
Nh5 9. Bg5 O-O 10. O-O f5 11. Nh4 Qd6 12. Ndf3 f4 13. Qc2 Nd8 14. Bxg6 hxg6 15.
Bxe7 Qxe7 16. Nxg6 Qf7 17. Nxf8 Bf5 18. Qb3 Bxf8 19. Rfe1 Qg7 20. Qxd5+ Qf7 21.
Qb3 Qxb3 22. a3 Qxb2 23. Rac1 Rc8 24. c4 b6 25. a4 a5 26. d5 Bd6 27. Ng5 Nf6 28.
Nf3 Ne4 29. Rf1 Bc5 30. h4 Bxf2+ 31. Kh2 Bg3+ 32. Kg1 Nd6 33. Rb1 Bxb1 {White
resigns} 0-1

[Event "Team 45 45 League T42"]
[Site "Internet Chess Club"]
[Date "2009.08.14"]
[Round "3"]
[White "qs16"]
[Black "crag"]
[Result "0-1"]
[WhiteElo "1721"]
[BlackElo "1868"]
[Opening "Queen's pawn"]
[ECO "A40"]
[Time "14:04:00"]
[TimeControl "2700+45"]

1. d4 e6 2. Nd2 Nf6 3. e3 c5 4. c3 d5 5. Bd3 Nc6 6. f4 cxd4 7. exd4 Bd6 8. Nb3
Qc7 9. Ne2 b6 10. O-O O-O 11. Nd2 Re8 12. Nf3 Bb7 13. Ne5 Nd7 14. Ng3 f6 15. Qh5
f5 16. Nxf5 exf5 17. Qf7+ Kh8 18. Nxd7 Rf8 19. Qxd5 Qxd7 20. Bb5 a6 21. Ba4 b5
22. Bd1 Rac8 23. Bf3 Na5 {White resigns} 0-1

[Event "Team 45 45 League T42"]
[Site "Internet Chess Club"]
[Date "2009.08.16"]
[Round "3"]
[White "chess2k7"]
[Black "oldsj"]
[Result "1/2-1/2"]
[WhiteElo "1769"]
[BlackElo "1661"]
[Opening "King's Indian: orthodox, Aronin-Taimanov, bayonet attack"]
[ECO "E97"]
[Time "09:02:35"]
[TimeControl "2700+45"]

1. d4 Nf6 2. c4 g6 3. Nc3 Bg7 4. e4 d6 5. Nf3 O-O 6. Be2 e5 7. O-O Nc6 8. d5 Ne7
9. b4 Nh5 10. Re1 f5 11. Ng5 Nf6 12. Bf3 fxe4 13. Ngxe4 Nf5 14. Bg5 Nd4 15. Nb5
Nxb5 16. cxb5 h6 17. Bxf6 Bxf6 18. Rc1 Rf7 19. Re3 Bf5 20. Rec3 Rc8 21. Qc2 Bg5
22. Rd1 Qf8 23. Qe2 Bh4 24. g3 Be7 25. Rdc1 Bh3 26. Bg2 Bf5 27. Rxc7 Rxc7 28.
Rxc7 Bd8 29. Rxf7 Kxf7 30. a4 Bb6 31. Kf1 Ke7 32. Ke1 Qc8 33. Qd2 Bxe4 34. Bxe4
g5 35. h4 Bd4 36. Ke2 Qc3 37. hxg5 Qxd2+ 38. Kxd2 hxg5 39. f3 Bf2 40. g4 b6 41.
Kd3 Bd4 42. Bf5 Bf2 43. Bc8 Be1 44. Ke4 Kf6 45. a5 Bxb4 46. axb6 axb6 47. Bd7
{Game drawn by mutual agreement} 1/2-1/2

[Event "Team 45 45 League T42"]
[Site "Internet Chess Club"]
[Date "2009.08.16"]
[Round "3"]
[White "rom1"]
[Black "tammany"]
[Result "0-1"]
[WhiteElo "1600"]
[BlackElo "1647"]
[Opening "Nimzo-Indian: Leningrad variation"]
[ECO "E30"]
[Time "13:00:07"]
[TimeControl "2700+45"]

1. d4 Nf6 2. c4 e6 3. Nc3 Bb4 4. Bg5 h6 5. Bh4 d5 6. e3 c5 7. cxd5 exd5 8. Bb5+
Nc6 9. dxc5 O-O 10. Nf3 Bg4 11. h3 Bxf3 12. Qxf3 g5 13. Bg3 Ne4 14. O-O Nd2 15.
Qxd5 Nxf1 16. Bd6 Bxc3 17. bxc3 Nxe3 18. Qd3 Re8 19. fxe3 Qf6 20. Rf1 Qg7 21.
Bc4 Nd8 22. Bb5 Re6 23. Bc7 Nc6 24. Bc4 Rf6 25. Rd1 Re8 26. Qd7 Rxe3 27. Qc8+
Qf8 28. Qxb7 Qxc5 29. Qc8+ Re8+ {White resigns} 0-1

[Event "Team 45 45 League T42"]
[Site "Internet Chess Club"]
[Date "2009.08.13"]
[Round "3"]
[White "trucazzo"]
[Black "tsia68"]
[Result "1-0"]
[WhiteElo "2089"]
[BlackElo "1924"]
[Opening "King's Indian: East Indian defense"]
[ECO "A48"]
[Time "16:29:28"]
[TimeControl "2700+45"]

1. d4 g6 2. Nf3 Nf6 3. Nc3 d5 4. Bf4 Bg7 5. Qd2 O-O 6. Bh6 c5 7. Bxg7 Kxg7 8.
dxc5 Qa5 9. Qd4 Nc6 10. Qe3 Ne4 11. h4 Nxc3 12. bxc3 h5 13. g3 Bf5 14. Bg2 Rfd8
15. O-O Bxc2 16. Nd4 Be4 17. f3 Bf5 18. g4 hxg4 19. fxg4 Be4 20. h5 Rf8 21. Bxe4
dxe4 22. hxg6 fxg6 23. Ne6+ {Black resigns} 1-0

[Event "Team 45 45 League T42"]
[Site "Internet Chess Club"]
[Date "2009.08.16"]
[Round "3"]
[White "room-matt"]
[Black "Sapienza"]
[Result "1/2-1/2"]
[WhiteElo "1744"]
[BlackElo "1637"]
[Opening "Bishop's opening: Classical variation"]
[ECO "C23"]
[Time "09:06:43"]
[TimeControl "2700+45"]

1. e4 e5 2. Bc4 Bc5 3. Nc3 Nf6 4. d3 O-O 5. f4 d6 6. Nf3 Ng4 7. Qe2 Bf2+ 8. Kd1
Bb6 9. Rf1 Nc6 10. f5 Nf6 11. Bg5 h6 12. Be3 Bxe3 13. Qxe3 Na5 14. h3 Nxc4 15.
dxc4 b6 16. Nd5 Nxd5 17. cxd5 Ba6 18. Rg1 Qd7 19. g4 c6 20. dxc6 Qxc6 21. c3 Qb5
22. Kc1 d5 23. a4 Qc4 24. exd5 Qxd5 25. Rd1 Qb7 26. g5 Rfd8 27. Rxd8+ Rxd8 28.
gxh6 Rd3 29. Qxe5 gxh6 30. Qe8+ Kh7 31. Ne5 Qh1+ 32. Kc2 Qg2+ 33. Kb3 Qd5+ 34.
Ka3 Qc5+ 35. Kb3 Qd5+ {Game drawn by mutual agreement} 1/2-1/2

[Event "Team 45 45 League T42"]
[Site "Internet Chess Club"]
[Date "2009.08.15"]
[Round "3"]
[White "isolani"]
[Black "VietLion"]
[Result "0-1"]
[WhiteElo "1477"]
[BlackElo "1900"]
[Opening "Benkö gambit half accepted"]
[ECO "A57"]
[Time "08:00:06"]
[TimeControl "2700+45"]

1. d4 Nf6 2. c4 c5 3. d5 b5 4. cxb5 a6 5. b6 e6 6. dxe6 fxe6 7. Nf3 Qxb6 8. Nc3
d5 9. e3 Bd6 10. Be2 O-O 11. O-O Nbd7 12. b3 Bb7 13. Bb2 Rae8 14. Rc1 Bb8 15.
Rc2 Qc7 16. g3 e5 17. Rd2 d4 18. exd4 exd4 19. Bc4+ Kh8 20. Nxd4 cxd4 21. Rxd4
Ba7 22. Rd6 Ne5 23. Bxa6 Nf3+ {White resigns} 0-1

[Event "Team 45 45 League T42"]
[Site "Internet Chess Club"]
[Date "2009.08.15"]
[Round "3"]
[White "gmlevanzov"]
[Black "betto2506"]
[Result "1-0"]
[WhiteElo "1608"]
[BlackElo "1463"]
[Opening "Sicilian: dragon, 6.Be3"]
[ECO "B72"]
[Time "19:00:02"]
[TimeControl "2700+45"]

1. e4 c5 2. Nf3 d6 3. d4 cxd4 4. Nxd4 Nf6 5. Nc3 g6 6. Be3 Bg7 7. Qd2 a6 8.
O-O-O Nc6 9. Nxc6 bxc6 10. f3 O-O 11. Bc4 Bb7 12. g4 d5 13. exd5 cxd5 14. Nxd5
Nxd5 15. Bxd5 Qxd5 16. Qxd5 Bxd5 17. Rxd5 e6 18. Rd3 Rfd8 19. Rhd1 Rxd3 20. Rxd3
Kf8 21. Kb1 Ke8 22. c4 Rd8 23. Rxd8+ Kxd8 24. Kc2 Kd7 25. b3 Kc6 26. Kd3 Bf8 27.
a4 f5 28. h3 Be7 29. Bd4 Bd6 30. Kc3 e5 31. Bf2 e4 32. fxe4 fxe4 33. b4 Be5+ 34.
Bd4 Bf4 35. b5+ axb5 36. axb5+ Kb7 37. c5 h5 38. gxh5 gxh5 39. c6+ Kc7 40. Bf2
e3 41. Be1 Kb6 42. Kc4 e2 43. Kb4 Bd6+ 44. Ka4 Kc5 45. Ka5 Bc7+ 46. Ka6 Be5 47.
Kb7 Kxb5 48. c7 Bxc7 49. Kxc7 Kc5 50. Kd7 Kd5 51. Ke7 Ke5 52. Kf7 Kf5 53. Kg7
Kg5 54. h4+ Kf5 55. Kh6 Kg4 56. Kg6 Kf4 57. Kxh5 Kf5 58. Kh6 Kf6 59. h5 Kf7 60.
Kh7 Kf8 61. Kg6 Kg8 62. Bc3 Kf8 63. h6 {Black resigns} 1-0

[Event "Team 45 45 League T42"]
[Site "Internet Chess Club"]
[Date "2009.08.16"]
[Round "3"]
[White "nardz"]
[Black "chiiwen"]
[Result "1/2-1/2"]
[WhiteElo "2027"]
[BlackElo "2103"]
[Opening "King's Indian: Andersson variation"]
[ECO "E92"]
[Time "19:00:04"]
[TimeControl "2700+45"]

1. d4 Nf6 2. c4 g6 3. Nc3 Bg7 4. e4 d6 5. Nf3 O-O 6. Be2 e5 7. dxe5 dxe5 8. Qxd8
Rxd8 9. Bg5 Re8 10. O-O-O c6 11. h3 Nfd7 12. Rd2 Nf8 13. Rhd1 Ne6 14. Be3 Na6
15. Bf1 b6 16. Ne1 Nd4 17. Nc2 c5 18. Nd5 Bb7 19. f3 Rac8 20. Bg5 Kh8 21. Kb1
Nc7 22. h4 Rf8 23. Bd3 f6 24. Be3 Ne8 25. h5 Bxd5 26. cxd5 Rf7 27. hxg6 hxg6 28.
Na3 Nd6 29. Nc4 N4b5 30. Rh1+ Kg8 31. Rc2 Nxc4 32. Bxc4 Nd6 33. Ba6 Rd8 34. g4
g5 35. Rhc1 Bf8 36. a4 Rh7 37. Bf1 a5 38. Bg2 Rdd7 39. b3 Nc8 40. Rh1 Bd6 41.
Rcc1 Kf8 42. Rxh7 Rxh7 43. Rh1 Rxh1+ 44. Bxh1 Ke7 45. Bg2 Kd7 46. Bf1 Kc7 47.
Kc2 Ne7 48. Bb5 {Game drawn by mutual agreement} 1/2-1/2

[Event "Team 45 45 League T42"]
[Site "Internet Chess Club"]
[Date "2009.08.17"]
[Round "3"]
[White "martineden"]
[Black "QueensCounselor"]
[Result "1/2-1/2"]
[WhiteElo "1982"]
[BlackElo "2044"]
[Opening "Grünfeld: 5.e3"]
[ECO "D94"]
[Time "11:05:52"]
[TimeControl "2700+45"]

1. d4 Nf6 2. c4 g6 3. Nf3 Bg7 4. Nc3 d5 5. e3 O-O 6. b3 c5 7. cxd5 cxd4 8. exd4
Nxd5 9. Nxd5 Qxd5 10. Bc4 Qe4+ 11. Be3 Bg4 12. Bd3 Qd5 13. Bc4 Qh5 14. Be2 Qa5+
15. Qd2 Qxd2+ 16. Nxd2 Bxe2 17. Kxe2 Nc6 18. Nf3 Rfd8 19. Rad1 Rac8 20. Rc1 Rd7
21. Ne5 Nxd4+ 22. Bxd4 Rxc1 23. Rxc1 Rxd4 24. Rc8+ Bf8 25. Nd3 b6 26. Rc7 a5 27.
Rb7 Rd6 28. Nb2 Re6+ 29. Kf1 h5 30. Nc4 Bg7 31. Rxb6 Rxb6 {Game drawn by mutual
agreement} 1/2-1/2

[Event "Team 45 45 League T42"]
[Site "Internet Chess Club"]
[Date "2009.08.14"]
[Round "3"]
[White "livis"]
[Black "jeffc0667"]
[Result "1/2-1/2"]
[WhiteElo "2016"]
[BlackElo "1962"]
[Opening "Sicilian defense"]
[ECO "B20"]
[Time "16:00:12"]
[TimeControl "2700+45"]

1. e4 c5 2. Bc4 Nc6 3. Nf3 d6 4. a3 Nf6 5. Nc3 e6 6. O-O a6 7. d4 cxd4 8. Nxd4
Qc7 9. Ba2 Bd7 10. Kh1 Nxd4 11. Qxd4 Qc5 12. Qd1 Bc6 13. Be3 Qh5 14. f3 Rd8 15.
Qd2 Be7 16. Ne2 d5 17. Ng3 Qe5 18. Bf4 Qxb2 19. Rfb1 Qxa3 20. e5 Qc5 21. exf6
Bxf6 22. Be3 Qc3 23. Qf2 Qxa1 24. Rxa1 Bxa1 25. Bd4 Bxd4 26. Qxd4 O-O 27. Nh5 f6
28. h4 Rf7 29. c4 Rfd7 30. Qg4 f5 31. Qg5 Rf8 32. Qe3 Re8 33. cxd5 Bxd5 34. Bxd5
Rxd5 35. Nf4 Rd6 36. Qe5 Rd7 37. Nxe6 Rde7 38. Qd5 Rxe6 39. Qxb7 Kh8 40. Kh2 a5
41. Qa7 Re5 42. f4 Rb5 43. h5 h6 44. Qa6 Reb8 45. Kg1 R8b6 46. Qa8+ Kh7 47. Kh2
Rf6 48. Kh3 Rb3+ 49. g3 Rb5 50. Qe8 Rb4 51. Qa8 a4 52. Qa5 Re4 53. Kg2 Rd4 54.
Kf3 Rd3+ 55. Kg2 a3 56. Kh3 Rb3 57. Qa4 Re3 58. Qa5 Rb3 59. Qa4 Re3 60. Qc2 Kg8
61. Kh4 Rf8 62. Kh3 Rf6 63. Qa4 Rf8 64. Qa7 Rd3 65. Qa4 Re3 66. Qa5 Rf6 67. Qd5+
Kh7 68. Qa5 Rd3 69. Qa8 Rc3 70. Qd5 Re3 71. Qa5 Rb3 72. Qd5 Rc3 73. Qd4 Rb3 74.
Qa4 Re3 75. Qa5 Rb3 76. Kh2 Rb2+ 77. Kh3 a2 78. g4 fxg4+ 79. Kxg4 Rf2 80. Kg3
R6xf4 81. Qa6 R2f3+ 82. Kg2 Rf2+ 83. Kg3 R2f3+ 84. Kg2 Rf2+ {Game drawn by
mutual agreement} 1/2-1/2

[Event "Team 45 45 League T42"]
[Site "Internet Chess Club"]
[Date "2009.08.14"]
[Round "3"]
[White "chess9793"]
[Black "rubo"]
[Result "1-0"]
[WhiteElo "1878"]
[BlackElo "1684"]
[Opening "Caro-Kann: classical, Spassky variation"]
[ECO "B19"]
[Time "16:00:20"]
[TimeControl "2700+45"]

1. e4 c6 2. d4 d5 3. Nc3 dxe4 4. Nxe4 Bf5 5. Ng3 Bg6 6. h4 h6 7. Nf3 Nd7 8. h5
Bh7 9. Bd3 Bxd3 10. Qxd3 Qc7 11. Bd2 e6 12. O-O-O Ngf6 13. Ne4 O-O-O 14. g3 Nxe4
15. Qxe4 Nf6 16. Qe2 Bd6 17. c4 c5 18. Kb1 Rhe8 19. Bc3 Re7 20. dxc5 Qxc5 21.
Ne5 Bxe5 22. Rxd8+ Kxd8 23. Bxe5 Rd7 24. Rd1 Rxd1+ 25. Qxd1+ Kc8 26. Qd4 Qxd4
27. Bxd4 a6 28. Bxf6 gxf6 29. Kc2 Kd7 30. Kd3 f5 31. Kd4 f6 32. c5 Kc6 33. Kc4
a5 34. a4 b6 35. cxb6 Kxb6 36. b4 axb4 37. Kxb4 e5 38. Kc4 Kc6 39. a5 f4 40.
gxf4 exf4 41. Kd4 f3 42. Ke4 Kb5 43. Kxf3 Kxa5 44. Kf4 Kb6 45. Kf5 Kc5 46. Kxf6
Kd6 47. f4 Kd7 48. f5 Ke8 49. Kg7 Ke7 50. f6+ Ke6 51. f7 {Black resigns} 1-0

[Event "Team 45 45 League T42"]
[Site "Internet Chess Club"]
[Date "2009.08.16"]
[Round "3"]
[White "Hubris123"]
[Black "Folgers"]
[Result "1-0"]
[WhiteElo "2085"]
[BlackElo "2014"]
[Opening "Scotch game"]
[ECO "C45"]
[Time "16:00:06"]
[TimeControl "2700+45"]

1. e4 Nc6 2. d4 e5 3. Nf3 exd4 4. Nxd4 Qf6 5. Be3 Bb4+ 6. c3 Bc5 7. Bc4 Ne5 8.
Be2 a6 9. O-O Ne7 10. Qd2 d6 11. b4 Bb6 12. Na3 Qg6 13. f4 N5c6 14. f5 Qf6 15.
Nc4 Ba7 16. Rad1 h6 17. a4 Bd7 18. Nxc6 Bxe3+ 19. Nxe3 Bxc6 20. Ng4 Qg5 21. Qxg5
hxg5 22. f6 Ng8 23. fxg7 Rh7 24. e5 Rxg7 25. b5 axb5 26. axb5 Be4 27. exd6 cxd6
28. Rxd6 f5 29. Bc4 Rd8 30. Re6+ Kd7 31. Rd1+ Kc8 32. Rxd8+ Kxd8 33. Nf2 Rc7 34.
Rd6+ Ke7 35. Re6+ Kd7 36. Nxe4 Rxc4 37. Nxg5 Rxc3 38. h4 Ne7 39. Rb6 Kc7 40. Rf6
Kd7 41. h5 Rg3 42. Nf7 Rg4 43. Ne5+ {Black resigns} 1-0

[Event "Team 45 45 League T42"]
[Site "Internet Chess Club"]
[Date "2009.08.15"]
[Round "3"]
[White "TerryMalloy"]
[Black "Merciful"]
[Result "1/2-1/2"]
[WhiteElo "1959"]
[BlackElo "1903"]
[Opening "QGD Slav defense: exchange variation"]
[ECO "D10"]
[Time "18:01:06"]
[TimeControl "2700+45"]

1. d4 d5 2. c4 c6 3. cxd5 cxd5 4. Nc3 Nf6 5. Bf4 Qb6 6. e3 Qxb2 7. Rc1 Bd7 8.
Bd3 e6 9. Nge2 Bc6 10. O-O Qb6 11. Ng3 Nbd7 12. Rb1 Qd8 13. Nb5 Bxb5 14. Rxb5
Nb6 15. a4 Bd6 16. Bxd6 Qxd6 17. a5 Nbd7 18. Rxb7 O-O 19. Qb3 Rab8 20. Rb1 Rxb7
21. Qxb7 Qa3 22. Bf1 Qxa5 23. Rb5 Qa3 24. Rb3 {Game drawn by mutual agreement}
1/2-1/2

[Event "Team 45 45 League T42"]
[Site "Internet Chess Club"]
[Date "2009.08.15"]
[Round "3"]
[White "upsan"]
[Black "Guoruey"]
[Result "0-1"]
[WhiteElo "1867"]
[BlackElo "2036"]
[Opening "Sicilian"]
[ECO "B50"]
[Time "08:54:20"]
[TimeControl "2700+45"]

1. e4 c5 2. Nf3 d6 3. c4 Nf6 4. Nc3 Nc6 5. h3 g6 6. d3 Bg7 7. Be3 O-O 8. Be2 Qc7
9. Qd2 a6 10. O-O Rb8 11. Bg5 e6 12. Bh6 Rd8 13. Bxg7 Kxg7 14. Nh2 d5 15. Qg5 h6
16. Qg3 Qxg3 17. fxg3 dxc4 18. dxc4 Rd2 19. Rab1 Nd4 20. Bd1 b5 21. e5 Nd7 22.
Ne4 Rd3 23. Nd6 Nxe5 24. Ng4 Ndc6 25. Ne8+ Kf8 26. Nef6 Nxg4 27. Nxg4 Kg7 28.
Bf3 Nd4 29. Be4 Rd2 30. Nxh6 Kxh6 31. Rxf7 bxc4 32. Rf6 Bb7 33. Rxg6+ Kh5 34.
g4+ Kh4 35. Bxb7 Rxb7 36. Rh6+ Kg3 {White resigns} 0-1

[Event "Team 45 45 League T42"]
[Site "Internet Chess Club"]
[Date "2009.08.18"]
[Round "3"]
[White "HumanTornado"]
[Black "cityprosecutor"]
[Result "1/2-1/2"]
[WhiteElo "1857"]
[BlackElo "1805"]
[Opening "English: symmetrical variation"]
[ECO "A37"]
[Time "18:06:35"]
[TimeControl "2700+45"]

1. Nf3 c5 2. c4 g6 3. Nc3 Bg7 4. g3 Nc6 5. Bg2 d6 6. O-O e5 7. d3 Nge7 8. a3 O-O
9. Qc2 Nd4 10. Nxd4 cxd4 11. Nd5 Be6 12. Nxe7+ Qxe7 13. a4 Rac8 14. Qb3 Rc7 15.
Bd2 Rd8 16. a5 Qd7 17. a6 b6 18. Rfc1 Bg4 19. Re1 Be6 20. Rac1 h5 21. Qa3 Kh7
22. b4 Bf8 23. Bg5 Be7 24. Bxe7 Qxe7 25. Qb2 h4 26. e3 hxg3 27. fxg3 dxe3 28.
Rxe3 Qg5 29. Rce1 Rh8 30. Qf2 Kg7 31. Rf1 Qh6 32. Qf6+ Kh7 33. Re4 g5 34. Re2
Qxf6 35. Rxf6 Kg7 36. Ref2 Rh6 37. Rxh6 Kxh6 38. Be4 Bc8 39. b5 Kg7 40. h4 gxh4
41. gxh4 f6 42. Rg2+ Kh8 43. Kf2 f5 44. Bd5 Rg7 45. d4 Rxg2+ 46. Kxg2 exd4 47.
Kf3 Kg7 48. Kf4 Kf6 49. Bg2 Be6 50. Bf1 Kg6 51. Be2 Kf6 52. Bd3 Bf7 53. Be2 Be8
54. h5 Bd7 55. Bd3 Be6 56. Be2 Bf7 57. h6 Be6 58. h7 Kg7 59. Kg5 Kxh7 60. Kf6
Bc8 61. Ke7 f4 62. Bd3+ Kh6 63. Kxd6 f3 64. Kd5 Bh3 65. Kxd4 f2 66. c5 bxc5+ 67.
Kxc5 f1=Q 68. Bxf1 Bxf1 69. b6 axb6+ 70. Kxb6 Bxa6 {Game drawn because neither
player has mating material} 1/2-1/2

[Event "Team 45 45 League T42"]
[Site "Internet Chess Club"]
[Date "2009.08.14"]
[Round "3"]
[White "nobull"]
[Black "rookmaster23"]
[Result "1-0"]
[WhiteElo "1513"]
[BlackElo "1468"]
[Opening "English: symmetrical, four knights system"]
[ECO "A30"]
[Time "21:04:35"]
[TimeControl "2700+45"]

1. Nf3 c5 2. c4 Nc6 3. Nc3 Nf6 4. g3 d6 5. Bg2 g6 6. d4 cxd4 7. Nxd4 Nxd4 8.
Qxd4 e5 9. Qd1 Qc7 10. O-O Qxc4 11. Nd5 Nxd5 12. Bxd5 Qd4 13. Qb3 Bg7 14. Bxf7+
Kf8 15. Be3 Qe4 16. Bd5 Qg4 17. Rac1 Qxe2 18. Bxb7 Bxb7 19. Qxb7 Re8 20. Rc7 Bh6
21. Bxh6+ {Black resigns} 1-0

[Event "Team 45 45 League T42"]
[Site "Internet Chess Club"]
[Date "2009.08.16"]
[Round "3"]
[White "PawnSensei"]
[Black "SeniorCitizen"]
[Result "1-0"]
[WhiteElo "1452"]
[BlackElo "1300"]
[Opening "Alekhine's defense: four pawns attack, 7.Be3"]
[ECO "B03"]
[Time "13:42:43"]
[TimeControl "2700+45"]

1. e4 Nf6 2. e5 Nd5 3. d4 d6 4. c4 Nb6 5. f4 dxe5 6. fxe5 Nc6 7. Be3 e6 8. Nf3
Bb4+ 9. Nc3 Bxc3+ 10. bxc3 O-O 11. Bd3 Ne7 12. O-O Bd7 13. Bxh7+ {Black resigns}
1-0

[Event "Team 45 45 League T42"]
[Site "Internet Chess Club"]
[Date "2009.08.17"]
[Round "3"]
[White "jocooper"]
[Black "MikeA"]
[Result "1-0"]
[WhiteElo "1184"]
[BlackElo "1318"]
[Opening "QGD semi-Slav"]
[ECO "D43"]
[Time "21:00:06"]
[TimeControl "2700+45"]

1. d4 d5 2. c4 c6 3. Nc3 Nf6 4. Nf3 e6 5. Bg5 h6 6. Bh4 dxc4 7. e3 g5 8. Bg3 b5
9. Be2 b4 10. Na4 Nbd7 11. Bxc4 Nb6 12. Nxb6 Qxb6 13. b3 Nd5 14. Qd2 Nc3 15. Be5
f6 16. Bxf6 Ne4 17. Qd3 Nxf6 18. Qg6+ Ke7 19. Ne5 Rg8 20. Qf7+ Kd8 21. Qxf6+ Kc7
22. Qf7+ Kd8 23. Qxg8 {Black resigns} 1-0

[Event "Team 45 45 League T42"]
[Site "Internet Chess Club"]
[Date "2009.08.16"]
[Round "3"]
[White "Zyme"]
[Black "lw"]
[Result "0-1"]
[WhiteElo "1419"]
[BlackElo "1550"]
[Opening "Modern defense"]
[ECO "A40"]
[Time "13:00:19"]
[TimeControl "2700+45"]

1. d4 g6 2. c4 Bg7 3. Nc3 c5 4. d5 Nf6 5. e4 d6 6. Nf3 O-O 7. Be2 Nbd7 8. O-O a6
9. Bd2 e6 10. Rb1 exd5 11. cxd5 Re8 12. Bd3 b5 13. b3 b4 14. Ne2 Nxe4 15. Bf4
Nb6 16. Re1 Bc3 17. Rf1 Bg4 18. Qc2 Bxf3 19. gxf3 Nf6 20. Nxc3 bxc3 21. Be4
Nfxd5 22. Bg3 Qf6 23. Rbd1 Nb4 24. Qb1 d5 25. Bd3 Qxf3 26. a3 Nc6 27. Bc2 Nd4
28. Bd6 Ne2# {White checkmated} 0-1